Unix NetHack Version 3.7.0-102 Work-in-progress - last build Apr 6 2024 13:22:21 (d302a6a9ff6341f1a922d8f5af178406b35fdf99,branch:master). Game began 2024-05-03 16:31:12, ended 2024-05-03 20:32:20. farfar, neutral male human Tourist ------------ |.`..?......# |.........s|# ------.-- |.........@|#####...`...[| ------------# |.......| |.......+ |.......| |.......| |.......| -------.- #### ### # ## ----------.----- |..<...........| |..............| |..............| ---------------- Farfar the Sightseer St:9 Dx:11 Co:16 In:13 Wi:9 Ch:17 Neutral S:1105 Dlvl:7 $:317 HP:0(46) Pw:21(21) AC:9 Xp:5/162 T:2555 Latest messages: The giant spider bites! In what direction? The dart hits the giant spider. The giant spider bites! In what direction? The dart misses the giant spider. The giant spider bites! In what direction? The dart hits the giant spider. The giant spider bites! The giant spider's bite was poisoned! In what direction? The dart hits the giant spider. The giant spider bites! # Are you sure you want to pray? [yn] (n) You begin praying to The Lady. You are surrounded by a shimmering light. The giant spider starts to attack you, but pulls back. The giant spider starts to attack you, but pulls back. The giant spider starts to attack you, but pulls back. You finish your prayer. You feel that The Lady is well-pleased. You feel much better. In what direction? The dart hits the giant spider. The giant spider bites! In what direction? The dart hits the giant spider. The giant spider bites! The giant spider's bite was poisoned! The giant spider bites! In what direction? The dart hits the giant spider. The giant spider bites! What do you want to ready? [$o or ?*] o - 13 darts (at the ready). In what direction? The dart misses the giant spider. The giant spider bites! What do you want to read? [hl-nFKP or ?*] As you read the scroll, it disappears. Your suit turns to dust and falls to the floor! The giant spider bites! You die... Do you want your possessions identified? [ynq] (y) Do you want to see your attributes? [ynq] (y) Do you want an account of creatures vanquished? [ynaq] (y) Do you want to see your conduct and achievements? [ynq] (y) Do you want to see the dungeon overview? [ynq] (y) Inventory: Coins $ - 317 gold pieces Weapons o - 12 cursed -1 darts (at the ready) Armor i - a blessed +1 Hawaiian shirt with a water nymph motif (being worn) Comestibles c - 8 uncursed food rations d - 2 uncursed fortune cookies b - 3 uncursed tripe rations Scrolls l - an uncursed scroll of create monster named 67z P - a blessed scroll of identify K - a cursed scroll of identify h - 4 uncursed scrolls of magic mapping m - a cursed scroll of magic mapping Spellbooks n - an uncursed spellbook of blank paper Potions w - an uncursed potion of booze named 17z t - an uncursed potion of confusion x - an uncursed potion of enlightenment named 67z M - 2 uncursed potions of healing named 7z R - an uncursed potion of restore ability I - an uncursed potion of water Wands H - a wand of secret door detection (0:12) Tools B - a cursed blindfold k - an uncursed credit card j - an expensive camera (0:38) Gems/Stones s - 2 uncursed chrysoberyl stones p - 2 uncursed worthless pieces of black glass q - 2 uncursed worthless pieces of blue glass u - a cursed worthless piece of blue glass L - 2 uncursed worthless pieces of orange glass v - a cursed worthless piece of red glass r - an uncursed worthless piece of violet glass E - a cursed worthless piece of yellowish brown glass Farfar the Tourist's attributes: Background: You were a Sightseer, a level 5 male human Tourist. You were neutral, on a mission for The Lady who was opposed by Blind Io (lawful) and Offler (chaotic). You were right-handed. You were in the Dungeons of Doom, on level 7. You entered the dungeon 2555 turns ago. You had 162 experience points, 158 more were needed to attain level 6. Your score was 1105 before end-of-game adjustments. Basics: You had 0 out of 46 hit points. You had all 21 energy points (spell power). Your armor class was 9. Your wallet contained 317 zorkmids. Autopickup was off. Final Characteristics: Your strength was 9 (limit:18/100). Your dexterity was 11 (limit:18). Your constitution was 16 (limit:18). Your intelligence was 13 (limit:18). Your wisdom was 9 (peak:10, limit:18). Your charisma was 17 (limit:18). Final Status: You weren't hungry. You were unencumbered. You were bare handed. You were unskilled in bare handed combat. Final Attributes: You were piously aligned. You are dead. Miscellaneous: You never encountered a bones level. Total elapsed playing time was 35 minutes and 57 seconds. Major events: Turn 1: farfar the neutral male human Tourist entered the dungeon 748: attained the rank of Sightseer (level 3) 1026: entered the Gnomish Mines 2555: killed by a giant spider Vanquished creatures: a violet fungus a giant ant a floating eye a kitten a dwarf a kobold shaman a rothe 2 orc zombies 2 dwarf zombies an iguana a gas spore a hobbit a hobgoblin a giant rat a yellow mold 2 geckos 3 jackals a kobold a goblin 2 grid bugs 3 lichens 4 kobold zombies 6 newts 39 creatures vanquished. No species were genocided or became extinct. Voluntary challenges: You never hit with a wielded weapon. You read items or engraved 10 times. You never engraved Elbereth. You never genocided any monsters. You never polymorphed an object. You never changed form. You used no wishes. Achievements: You attained the rank of Sightseer. You entered the Gnomish Mines. You entered a shop. The Dungeons of Doom: levels 1 to 7 Level 1: Level 2: Some sinks. Level 3: An altar, a fountain. Level 4: A fountain. Stairs down to The Gnomish Mines. Level 5: Level 6: Level 7: <- You were here. Final resting place for you, killed by a giant spider. The Gnomish Mines: Level 5: Game over: ---------- / \ / REST \ / IN \ / PEACE \ / \ | farfar | | 317 Au | | killed by a | | giant spider | | | | | | 2024 | *| * * * | * _________)/\\_//(\/(/\)/\//\/|_)_______ Aloha farfar the Tourist... You died in The Dungeons of Doom on dungeon level 7 with 1094 points, and 317 pieces of gold, after 2555 moves. You were level 5 with a maximum of 46 hit points when you died.